 Dungeon Crawl Stone Soup version 0.21.1-1-g345015f (webtiles) character file.

18 shakethe the Chopper (level 2, -1/22 HPs)
             Began as a Demonspawn Gladiator on Feb 27, 2018.
             Slain by a hobgoblin
             ... wielding a cursed -3 flail
              (5 damage)
             ... on level 2 of the Dungeon.
             The game lasted 00:00:47 (940 turns).

shakethe the Chopper (Demonspawn Gladiator)          Turns: 940, Time: 00:00:47

Health: -1/22      AC:  7    Str: 14    XL:     2   Next: 48%
Magic:  2/2        EV: 13    Int:  9    God:
Gold:   49         SH:  0    Dex: 14    Spells: 1/1 levels left

rFire    . . .     SeeInvis .   a - +0 war axe
rCold    . . .     Gourm    .   (no shield)
rNeg     . . .     Faith    .   b - +0 leather armour
rPois    .         Spirit   .   c - +0 helmet
rElec    .         Reflect  .   (no cloak)
rCorr    .         Harm     .   (no gloves)
MR       .....                  (no boots)
Stlth    +.........             (no amulet)
HPRegen  0.07/turn              e - +3 ring of protection
MPRegen  0.08/turn              (no ring)

@: no status effects
A: demonic guardian 1
a: no special abilities


You were on level 2 of the Dungeon.
You were not hungry.

You visited 1 branch of the dungeon, and saw 2 of its levels.

You collected 49 gold pieces.

Inventory:

Hand Weapons
 a - a +0 war axe (weapon)
Missiles
 d - 3 throwing nets {=f, !d}
Armour
 b - a +0 leather armour (worn)
 c - a +0 helmet (worn)
Jewellery
 e - a +3 ring of protection (left hand)
   (You found it on level 1 of the Dungeon)
Scrolls
 g - 2 scrolls of identify {unknown}
 h - a scroll of random uselessness {unknown}
 j - a scroll of magic mapping {unknown}
 m - a scroll of enchant armour {unknown}
Potions
 i - a potion of agility {unknown}
 k - a potion of ambrosia {unknown}
 l - a potion of degeneration {unknown}
Comestibles
 f - 3 rations


   Skills:
 + Level 2.3 Fighting
 * Level 3.1 Axes
 - Level 1.7 Throwing
 + Level 2.9 Dodging


You had one spell level left.
You didn't know any spells.

Dungeon Overview and Level Annotations

Branches:
Dungeon (2/15)

Altars:
Trog

Annotations:
D:2 Sigmund


Innate Abilities, Weirdness & Mutations

A weak demonic guardian rushes to your aid.


Message History

No target in view!
No target in view!
No target in view!
A bat comes into view.
Found 18 sling bullets.
Found an escape hatch in the ceiling.
The bat closely misses you.
You slash the bat!
You kill the bat!
No target in view!
No target in view!
No target in view!
No target in view!
No target in view!
No target in view!
No target in view!
No target in view!
No target in view!
No target in view!
No target in view!
g - 2 scrolls labeled GUTOLI NIOSM (gained 1)
There is an escape hatch in the ceiling here.
There is an escape hatch in the ceiling here.
Found a stone staircase leading down.
No target in view!
No target in view!
No target in view!
No target in view!
No target in view!
No target in view!
No target in view!
No target in view!
Sigmund the Dreaded comes into view.
He is wielding a scythe.
Sigmund shouts!
Sigmund mumbles some strange words.
Sigmund flickers and vanishes!
Deactivating autopickup; reactivate with Ctrl-A.
Something tries to affect you, but you resist.
There is an escape hatch in the ceiling here.
A mysterious force pulls you upwards. The hatch slams shut behind you.
Your summoned ally is left behind.
There is a stone staircase leading down here.
You climb downwards.
Level annotation: Sigmund
There is a stone staircase leading up here.
Found a stone staircase leading up.
You open the large door.
There is a large open door here.
There is a large open door here.
Found a stone staircase leading down.
No target in view!
No target in view!
No target in view!
You see here 5 gold pieces.
A hobgoblin comes into view.
A hobgoblin is nearby!
The hobgoblin shouts!
The hobgoblin hits you.
You take 3 damage, and have 19/22 hp.
You hit the hobgoblin. The hobgoblin barely misses you.
You closely miss the hobgoblin. The hobgoblin barely misses you.
The hobgoblin hits you.
A hobgoblin comes into view. It is wielding a flail.
You take 3 damage, and have 16/22 hp.
The hobgoblin shouts!
You hit the hobgoblin but do no damage. The hobgoblin closely misses you.
You closely miss the hobgoblin. The hobgoblin misses you.
You barely miss the hobgoblin. The hobgoblin misses you.
The hobgoblin closely misses you.
You completely miss the hobgoblin. The hobgoblin barely misses you.
You completely miss the hobgoblin. The hobgoblin barely misses you.
You hit the hobgoblin but do no damage. The hobgoblin closely misses you.
The hobgoblin hits you.
You take 4 damage, and have 12/22 hp.
There are monsters nearby!
You are too injured to fight recklessly!
You are too injured to fight recklessly!
You are too injured to fight recklessly!
You are too injured to fight recklessly!
You are too injured to fight recklessly!
You are too injured to fight recklessly!
You are too injured to fight recklessly!
You are too injured to fight recklessly!
You are too injured to fight recklessly!
You are too injured to fight recklessly!
You are too injured to fight recklessly!
You are too injured to fight recklessly!
You slash the hobgoblin!
You kill the hobgoblin!
You closely miss the hobgoblin. The hobgoblin hits you with a flail!
* * * LOW HITPOINT WARNING * * *
You take 8 damage, and have 4/22 hp.
MASSIVE DAMAGE!!
You completely miss the hobgoblin. The hobgoblin closely misses you.
You closely miss the hobgoblin. The hobgoblin closely misses you.
You closely miss the hobgoblin.
The hobgoblin hits you but does no damage.
You barely miss the hobgoblin. The hobgoblin barely misses you.
The hobgoblin hits you but does no damage.
You barely miss the hobgoblin. The hobgoblin hits you with a flail.
You die...

#≈.#.#..≈# ###.##
#≈..#.#.≈# #...#
#≈≈#.##≈≈# #.###
#≈≈≈..≈≈≈###.###
#≈≈≈≈≈≈≈≈#.....##
###########.....##
..... #.......#
......###.......#
......g@........#
......####(....##
##... ....$.# ...#
.......# ##
#....(..#
#.......#
##.....## #...##


You could see a hobgoblin.

Vanquished Creatures
  4 bats
  4 hobgoblins
  2 jackals (D:1)
  A frilled lizard (D:1)
  A goblin (D:1)
  A kobold (D:1)
  5 rats (D:1)
18 creatures vanquished.

Notes
Turn   | Place    | Note
-------+----------+-------------------------------------------
     0 | D:1      | shakethe the Demonspawn Gladiator began the quest for the Orb.
     0 | D:1      | Reached XP level 1. HP: 16/16 MP: 1/1
   276 | D:1      | Reached skill level 3 in Axes
   276 | D:1      | Gained mutation: A weak demonic guardian rushes to your aid. [demonic ancestry]
   276 | D:1      | Reached XP level 2. HP: 22/22 MP: 2/2
   700 | D:2      | Found a bloodstained altar of Trog.
   744 | D:2      | Noticed Sigmund
   935 | D:2      | HP: 4/22 [hobgoblin/flail (8)]
   940 | D:2      | Slain by a hobgoblin

Skill      XL: |  1 |
---------------+----+-----
Axes           | 3 |  3.1
Fighting       | |  2.3
Throwing       | |  1.7
Dodging        | |  2.9

Action                   || total
-------------------------++-------
Melee: War axe           ||    59
 Stab: Sleeping          ||     2
Armor: Leather armour    ||    17
Dodge: Dodged            ||    49

Vault maps used:
D:1:      minmay_arrival_five_plusses
D:2:      nicolae_overflow_hidden_temple, kennysheep_generic_room_4,
          uniq_sigmund

Table legend:
 A = Turns spent in this place as a percentage of turns spent in the entire game.
 B = Non-inter-level travel turns spent in this place as a percentage of non-inter-level travel turns spent in the entire game.
 C = Inter-level travel turns spent in this place as a percentage of turns spent in this place.
 D = Turns resting spent in this place as a percentage of non-inter-level travel turns spent in this place.
 E = Turns spent auto-exploring this place as a percentage of non-inter-level travel turns spent in this place.
 F = Non-inter-level travel turns spent in this place divided by the number of levels of this place that you've seen.
                   A       B       C       D       E      F
               +-------+-------+-------+-------+-------+----------------------
         Total | 100.0 | 100.0 |   6.5 |   0.0 |  85.6 | 439.5
       Dungeon | 100.0 | 100.0 |   6.5 |   0.0 |  85.6 | 439.5
               +-------+-------+-------+-------+-------+----------------------

Table legend:
 A = Kills in this place as a percentage of kills in entire the game.
 B = Kills by you in this place as a percentage of kills by you in the entire game.
 C = Kills by friends in this place as a percentage of kills by friends in the entire game.
 D = Other kills in this place as a percentage of other kills in the entire game.
 E = Experience gained in this place as a percentage of experience gained in the entire game.
 F = Experience gained in this place divided by the number of levels of this place that you have seen.
                   A       B       C       D       E      F
               +-------+-------+-------+-------+-------+----------------------
         Total | 100.0 | 100.0 |   N/A |   N/A | 100.0 |  13.0
       Dungeon | 100.0 | 100.0 |   N/A |   N/A | 100.0 |  13.0
               +-------+-------+-------+-------+-------+----------------------
